Map: Distant Plane

Players

Fenlkz

  • Race: Protoss Protoss
  • League: Diamond
  • Spawn Location: 11:00

Wayner

  • Race: Terran Terran
  • League: Diamond
  • Spawn Location: 11:00

Bazuka - Winner!

  • Race: Terran Terran
  • League: Diamond
  • Spawn Location: 5:00

Railgan - Winner!

  • Race: Zerg Zerg
  • League: Grandmaster
  • Spawn Location: 5:00

VOD

Have the link to the VOD?

Description

Time

  • Played on: March 2, 2017, 5:45 p.m.
  • Length: 9:48
Show
View Real Time Build Order
Export as new Build Order

Fenlkz Protoss 

Build Orders: 1 Gate Expand 

Get SALT Encoding   

  12  0:02  Probe (Chrono Boost)  
  13  0:12  Probe (Chrono Boost)  
  14  0:20  Pylon  
  14  0:23  Probe (Chrono Boost)  
  15  0:38  Probe (Chrono Boost)  
  15  0:40  Gateway  
  16  0:44  Assimilator  
  16  0:53  Probe (Chrono Boost)  
  18  1:04  Probe (Chrono Boost)  
  18  1:14  Probe (Chrono Boost)  
  19  1:24  Nexus  
  19  1:35  Cybernetics Core  
  19  1:37  Probe (Chrono Boost)  
  20  1:47  Probe (Chrono Boost)  
  21  2:01  Pylon  
  21  2:02  Probe (Chrono Boost)  
  21  2:05  Assimilator  
  22  2:12  Warp Gate  
  22  2:13  Probe (Chrono Boost)  
  23  2:19  Adept  
  25  2:23  Probe (Chrono Boost)  
  26  2:34  Probe (Chrono Boost)  
  27  2:49  Probe x2 (Chrono Boost)  
  30  2:55  Pylon  
  30  2:58  Adept  
  30  3:00  Probe x2 (Chrono Boost)  
  30  3:02  Twilight Council  
  32  3:09  Pylon  
  32  3:10  Probe (Chrono Boost)  
  32  3:11  Probe (Chrono Boost)  
  34  3:21  Probe (Chrono Boost)  
  34  3:22  Mothership Core (Chrono Boost)  
  37  3:31  Gateway, Probe (Chrono Boost)  
  37  3:32  Gateway  
  38  3:40  Probe (Chrono Boost)  
  38  3:43  Resonating Glaives  
  38  3:44  Probe (Chrono Boost)  
  39  3:50  Probe (Chrono Boost)  
  39  3:51  Pylon  
  41  3:56  Probe (Chrono Boost)  
  41  4:01  Probe (Chrono Boost)  
  42  4:06  Pylon  
  42  4:09  Probe (Chrono Boost)  
  43  4:11  Probe (Chrono Boost)  
  43  4:14  Assimilator  
  44  4:18  Assimilator  
  44  4:24  Sentry  
  44  4:26  Probe (Chrono Boost)  
  44  4:27  Probe (Chrono Boost)  
  48  4:31  Robotics Facility  
  48  4:39  Adept x2  
  48  4:41  Pylon  
  52  4:46  Probe (Chrono Boost)  
  52  4:48  Probe (Chrono Boost)  
  54  4:55  Pylon  
  54  4:57  Probe (Chrono Boost)  
  55  5:00  Adept x3  
  61  5:18  Probe (Chrono Boost)  
  61  5:19  Observer  
  63  5:22  Blink  
  63  5:23  Pylon  
  62  5:33  Robotics Bay  
  62  5:37  Forge  
  62  5:39  Forge  
  62  5:41  Immortal  
  66  5:54  Stalker x3  
  72  5:59  Templar Archives  
  72  6:10  Photon Cannon  
  72  6:13  Photon Cannon  
  72  6:18  Protoss Ground Weapons Level 1  
  72  6:21  Photon Cannon  
  72  6:22  Protoss Ground Armor Level 1  
  72  6:33  Photon Cannon  
  72  6:35  Stalker  
  72  6:36  Stalker  
  76  6:41  Stalker  
  45  7:39  Stalker x2  
  45  7:40  Stalker  
  45  7:43  Extended Thermal Lance  
  51  7:46  Gateway x2  
  51  7:47  Colossus  
  51  7:48  Gateway  
  57  8:08  Stalker x3  
  63  8:17  Nexus  
  63  8:18  Pylon  
  63  8:33  Colossus  
  48  8:42  Stalker x2  
  48  8:43  Stalker  
  60  8:52  Adept x3  
  60  9:14  Adept x3  
  60  9:15  Adept x3  
  49  9:39  Stalker x3  
Show
View Real Time Build Order
Export as new Build Order

Wayner Terran 

Build Orders: MMM Bio 

Get SALT Encoding   

  12  0:01  SCV  
  13  0:13  SCV  
  14  0:20  Supply Depot  
  14  0:26  SCV  
  15  0:42  SCV  
  16  0:43  Barracks  
  16  0:54  SCV  
  16  0:55  Refinery  
  17  1:06  SCV  
  19  1:18  SCV  
  19  1:31  SCV  
  19  1:32  Marine  
  21  1:46  Command Center, Orbital Command  
  21  1:49  Marine  
  22  2:01  Factory  
  22  2:08  Barracks Tech Lab  
  22  2:11  SCV  
  23  2:15  Refinery  
  23  2:26  Supply Depot  
  23  2:34  Barracks  
  23  2:42  Barracks  
  23  2:48  SCV  
  23  2:49  Stimpack  
  24  2:52  Marauder  
  26  3:00  SCV  
  27  3:05  Orbital Command  
  27  3:10  Widow Mine  
  29  3:13  Marine  
  29  3:18  SCV  
  31  3:27  Starport  
  31  3:30  SCV  
  31  3:32  SCV  
  33  3:39  Marine  
  33  3:40  Marine  
  35  3:42  SCV  
  35  3:46  SCV  
  37  3:54  Factory Reactor  
  37  4:01  Marauder  
  37  4:02  SCV x2  
  43  4:07  Barracks Reactor, Supply Depot  
  43  4:09  Barracks Reactor  
  41  4:11  Viking  
  41  4:14  SCV x2  
  45  4:19  Engineering Bay  
  45  4:26  SCV  
  45  4:29  Marauder  
  48  4:37  Factory Tech Lab  
  48  4:46  Marine x2  
  48  4:49  Terran Infantry Weapons Level 1  
  48  4:50  Missile Turret, Marauder  
  51  4:54  Missile Turret, SCV x2  
  51  4:56  Refinery  
  53  5:01  Refinery  
  53  5:05  Marine  
  54  5:09  Engineering Bay  
  54  5:15  Supply Depot  
  54  5:24  Supply Depot  
  54  5:34  Supply Depot  
  54  5:37  Marauder, Marine, Terran Infantry Armor Level 1, Siege Tank, Medivac  
  62  5:45  Marine x2, SCV x2  
  66  5:53  Barracks  
  66  5:55  Marine x2  
  68  5:57  Barracks, SCV  
  69  6:06  Supply Depot  
  69  6:08  SCV  
  69  6:09  Siege Tank  
  69  6:10  Marine, SCV  
  75  6:14  Missile Turret  
  74  6:18  Combat Shields  
  74  6:20  Marine x2  
  74  6:22  Marine  
  74  6:23  Marine  
  77  6:27  Medivac  
  77  6:28  Marine  
  80  6:33  SCV  
  80  6:34  SCV  
  82  6:45  SCV  
  82  6:46  Marine x3  
  88  6:47  Marauder  
  88  6:52  SCV  
  88  6:53  Marine  
  90  6:58  SCV  
  91  7:04  Marine x3  
  94  7:17  Supply Depot  
  94  7:22  Marauder  
  94  7:23  Medivac  
  94  7:24  Marine x3, Siege Tank  
  94  7:25  Marine  
  74  7:41  Medivac, Marine  
  74  7:42  Marine x2  
  74  7:44  Marauder  
  77  7:56  Siege Tank, Command Center  
  77  8:01  Marine x2, Liberator  
  77  8:02  Marine x2  
  77  8:03  Unknown x2  
  77  8:04  Marine  
  82  8:13  Armory  
  82  8:19  Marine x2  
  87  8:20  SCV  
  87  8:24  Concussive Shells  
  87  8:25  Medivac  
  85  8:41  Marine x2, Marauder  
  85  8:43  Marine x2  
  74  8:50  Widow Mine  
  62  8:55  Medivac  
  62  8:59  Marine x2  
  62  9:01  Marine  
  47  9:03  Marauder  
  47  9:04  Supply Depot  
  47  9:14  Marine  
  47  9:17  Marine x2  
Show
View Real Time Build Order
Export as new Build Order

Bazuka Terran - Winner!

Build Orders:  

Get SALT Encoding   

  12  0:01  SCV  
  13  0:13  SCV  
  14  0:18  Supply Depot  
  14  0:25  SCV  
  15  0:36  Refinery  
  15  0:39  SCV  
  16  0:46  Barracks  
  16  0:51  SCV  
  17  1:04  SCV  
  18  1:09  Refinery  
  18  1:16  SCV  
  19  1:28  SCV  
  20  1:39  Factory  
  20  1:40  Marine  
  20  1:41  Orbital Command  
  21  1:50  Supply Depot  
  21  2:00  Barracks Tech Lab  
  21  2:08  SCV  
  22  2:21  SCV  
  23  2:25  Supply Depot  
  23  2:33  Siege Tank  
  23  2:36  Engineering Bay  
  26  2:52  SCV  
  26  2:57  Command Center  
  27  3:04  SCV  
  28  3:08  Siege Tank  
  31  3:16  SCV  
  32  3:28  Missile Turret  
  32  3:29  SCV  
  33  3:40  Siege Tank  
  36  3:41  SCV  
  37  3:51  Factory  
  37  3:53  Barracks Tech Lab, SCV  
  38  4:05  SCV  
  38  4:09  SCV  
  40  4:12  Siege Tank, Supply Depot  
  43  4:18  Starport  
  43  4:19  SCV  
  43  4:22  Orbital Command  
  44  4:27  Barracks Reactor  
  44  4:40  SCV  
  45  4:49  Missile Turret, SCV  
  46  4:53  SCV  
  47  5:01  SCV  
  47  5:03  Refinery x2  
  47  5:04  Viking  
  47  5:05  SCV  
  47  5:06  Siege Tank  
  54  5:13  SCV  
  55  5:15  Supply Depot  
  55  5:17  SCV  
  55  5:20  Armory  
  56  5:25  SCV  
  56  5:26  Siege Tank  
  60  5:29  SCV  
  61  5:37  SCV  
  61  5:41  SCV  
  63  5:51  Siege Tank  
  63  5:52  Viking  
  68  6:17  Command Center  
  68  6:19  Refinery  
  68  6:22  Refinery  
  68  6:25  Missile Turret  
  68  6:26  Terran Vehicle Weapons Level 1  
  68  6:27  Supply Depot  
  68  6:33  Supply Depot, SCV  
  68  6:34  SCV  
  68  6:37  Armory  
  70  6:48  Siege Tank x2, SCV x2  
  78  6:54  Viking  
  80  7:10  Viking  
  82  7:19  SCV x2  
  84  7:28  Siege Tank x2  
  90  7:31  SCV x2  
  90  7:32  Viking  
  94  7:40  Viking  
  96  7:50  Supply Depot x3  
  96  8:01  Siege Tank  
  96  8:02  Viking  
  101  8:06  Orbital Command  
  101  8:11  Siege Tank, SCV x2  
  106  8:19  Command Center  
  106  8:33  Siege Tank  
  109  8:34  Viking  
  109  8:41  Refinery  
  111  8:49  Siege Tank  
  111  8:50  Viking  
  116  9:04  Viking  
  116  9:05  Siege Tank  
  121  9:23  SCV x2  
  125  9:28  SCV  
  120  9:35  SCV x2  
Show
View Real Time Build Order
Export as new Build Order

Railgan Zerg - Winner!

Build Orders: Hatch First 

Get SALT Encoding   

  12  0:02  Drone  
  13  0:13  Overlord  
  13  0:18  Drone  
  14  0:31  Drone x2  
  16  0:36  Drone  
  17  0:48  Drone  
  18  0:59  Drone  
  19  1:05  Hatchery  
  19  1:09  Drone  
  19  1:21  Extractor  
  19  1:23  Spawning Pool  
  17  1:25  Drone  
  17  1:28  Drone  
  19  1:44  Drone  
  20  1:55  Hatchery  
  20  2:00  Overlord  
  19  2:04  Drone  
  20  2:15  Drone  
  21  2:16  Queen  
  21  2:22  Queen  
  25  2:32  Metabolic Boost  
  25  2:35  Zergling x2  
  25  2:37  Zergling x2  
  27  2:39  Drone  
  27  2:43  Drone  
  29  2:52  Drone  
  29  2:53  Drone x2  
  32  3:04  Queen  
  34  3:10  Drone x2  
  36  3:13  Drone  
  36  3:18  Queen  
  39  3:21  Drone  
  40  3:29  Drone x2  
  40  3:33  Overlord  
  41  3:51  Drone x2  
  41  3:53  Extractor  
  41  3:54  Drone x3  
  41  3:55  Zergling x6  
  46  3:56  Zergling x2  
  46  4:02  Zergling x2  
  49  4:08  Overlord  
  49  4:09  Overlord  
  49  4:10  Lair  
  49  4:12  Evolution Chamber  
  49  4:13  Evolution Chamber  
  47  4:17  Drone x2  
  47  4:19  Baneling Nest, Overlord  
  47  4:20  Overlord, Zergling x2  
  49  4:31  Drone  
  49  4:32  Drone x3  
  49  4:33  Drone x2  
  55  4:40  Zergling x2  
  55  4:41  Zergling x6  
  59  4:47  Zergling x6  
  59  4:50  Zerg Ground Armor Level 1, Hatchery  
  61  4:54  Drone  
  61  4:56  Overlord  
  62  5:06  Zergling x2  
  62  5:07  Zergling x8  
  64  5:09  Drone x3  
  64  5:13  Zerg Melee Weapons Level 1  
  66  5:18  Zergling x4  
  68  5:21  Zergling x6  
  68  5:27  Zergling x2  
  68  5:28  Zergling x12  
  77  5:33  Overlord  
  77  5:39  Centrifical Hooks  
  77  5:42  Baneling x2  
  77  5:45  Drone x2  
  77  5:47  Drone, Hatchery  
  79  5:52  Zergling x2  
  79  5:55  Drone, Overseer  
  81  5:58  Extractor, Drone x2  
  81  5:59  Extractor, Drone  
  81  6:00  Drone  
  81  6:01  Drone  
  81  6:02  Drone  
  85  6:06  Zergling x8  
  85  6:10  Overlord  
  84  6:29  Zergling x8  
  84  6:30  Zergling x6  
  91  6:33  Baneling x8  
  91  6:34  Baneling  
  91  6:35  Drone  
  91  6:37  Overlord, Zergling x16  
  100  6:42  Infestation Pit, Drone x4  
  102  6:54  Zergling x2  
  102  6:55  Zergling x4  
  102  6:59  Baneling x8  
  102  7:00  Overlord x2  
  104  7:01  Zergling x2  
  104  7:02  Zergling x6  
  104  7:06  Zergling x2  
  104  7:07  Zergling x2  
  104  7:08  Zergling x8  
  113  7:09  Zergling x2  
  113  7:15  Zergling x8  
  116  7:29  Zergling x16  
  106  7:35  Zergling x2  
  106  7:36  Zergling x2  
  93  7:38  Zergling x8  
  93  7:41  Hive  
  97  7:45  Drone x6  
  97  7:49  Zergling x2  
  104  7:52  Zergling x2  
  104  7:53  Extractor, Zergling x6  
  104  7:54  Extractor  
  103  8:02  Overlord  
  97  8:06  Drone  
  97  8:07  Drone x6  
  97  8:09  Extractor  
  97  8:10  Overlord  
  97  8:11  Extractor  
  102  8:15  Baneling x13  
  102  8:16  Zergling x16  
  110  8:22  Zergling x2  
  110  8:23  Zergling x10  
  116  8:31  Zergling x6  
  117  8:45  Zergling x20  
  116  8:56  Zergling x20  
  116  8:57  Zergling x2  
  115  9:07  Zergling x2  
  115  9:08  Zergling x2  
  107  9:14  Zergling x20  
  116  9:20  Drone x3  
  116  9:21  Ultralisk Cavern  
  116  9:23  Zergling x10  
  118  9:31  Drone  
  118  9:32  Drone x2  
Tags
 
Add a new tag
Caveats
  • Supply blocks, unpowered buildings, or Contaminate may cause inaccurate times.
  • Supply counts are checked every 10 seconds.